 Dungeon Crawl Stone Soup version 0.22-a0-40-g3d2f077 (webtiles) character file.

466 tidbits the Grave Robber (level 7, -2/50 HPs)
             Began as a Gnoll Necromancer on Jan 4, 2018.
             Slain by an adder (5 damage)
             ... on level 6 of the Dungeon.
             The game lasted 00:08:35 (845 turns).

tidbits the Grave Robber (Gnoll Necromancer)         Turns: 845, Time: 00:08:35

Health: -2/50      AC:  2    Str: 10    XL:     7   Next: 8%
Magic:  8/24       EV: 15    Int: 20    God:
Gold:   58         SH:  0    Dex: 15    Spells: 4/17 levels left

rFire    . . .     SeeInvis .   m - +1 flail (protect)
rCold    . . .     Gourm    .   (no shield)
rNeg     . . .     Faith    .   i - +0 robe
rPois    .         Spirit   .   (no helmet)
rElec    .         Reflect  .   (no cloak)
rCorr    .         Harm     .   (no gloves)
MR       .....                  (no boots)
Stlth    +++.......             h - amulet of rage
HPRegen  0.16/turn              W - ring of wizardry
MPRegen  0.19/turn              t - ring of magical power

@: flying, very slightly contaminated
A: distributed training, fangs 1, strong nose
a: Evoke Berserk Rage


You were on level 6 of the Dungeon.
You were very hungry.

You visited 1 branch of the dungeon, and saw 6 of its levels.

You collected 58 gold pieces.

Inventory:

Hand Weapons
 a - a +0 short sword
 f - a +2 falchion of protection
   (You found it on level 5 of the Dungeon)
 k - a +2 shortbow of velocity
   (You found it on level 6 of the Dungeon)
 m - a +1 flail of protection (weapon)
   (You took it off an orc on level 4 of the Dungeon)
 n - a +1 hand axe of chopping
   (You found it on level 4 of the Dungeon)
Missiles
 g - 14 javelins (quivered)
 o - 22 poisoned needles
Armour
 i - a +0 robe (worn)
Jewellery
 h - an amulet of rage (around neck)
   (You found it on level 3 of the Dungeon)
 t - a ring of magical power (right hand)
   (You found it on level 5 of the Dungeon)
 v - an uncursed ring of wizardry
   (You found it on level 6 of the Dungeon)
 W - a ring of wizardry (left hand)
   (You found it on level 4 of the Dungeon)
Wands
 e - a wand of polymorph (15)
Scrolls
 d - a scroll of amnesia {unknown}
 j - 2 scrolls of remove curse
 l - a scroll of fog {unknown}
 q - 2 scrolls of teleportation
 r - a scroll of identify {unknown}
 s - a scroll of immolation {unknown}
 u - a scroll of torment {unknown}
Potions
 p - a potion of ambrosia {unknown}
Books
 b - a book of Necromancy

   Spells                             Type                      Level
   a - Pain                           Necromancy                   1
   b - Animate Skeleton               Necromancy                   1
   c - Vampiric Draining              Necromancy                   3
   d - Regeneration                   Charms/Necromancy            3
   e - Animate Dead                   Necromancy                   4
   f - Borgnjor's Vile Clutch         Necromancy/Earth             5
Comestibles
 c - 2 rations
 x - 2 chunks of flesh


   Skills:
 + Level 2.2 Fighting
 + Level 2.2 Short Blades
 + Level 2.2 Long Blades
 + Level 2.2 Axes
 + Level 2.2 Maces & Flails
 + Level 2.2 Polearms
 + Level 2.2 Staves
 + Level 2.2 Slings
 + Level 2.2 Bows
 + Level 2.2 Crossbows
 + Level 2.2 Throwing
 + Level 2.2 Armour
 + Level 5.1 Dodging
 + Level 4.7 Stealth
 + Level 2.2 Shields
 + Level 2.2 Unarmed Combat
 + Level 5.5 Spellcasting
 + Level 1.8 Conjurations
 + Level 1.8 Hexes
 + Level 1.8 Charms
 + Level 1.8 Summonings
 + Level 7.3 Necromancy
 + Level 1.8 Translocations
 + Level 1.8 Transmutations
 + Level 1.8 Fire Magic
 + Level 1.8 Ice Magic
 + Level 1.8 Air Magic
 + Level 1.8 Earth Magic
 + Level 1.8 Poison Magic
 + Level 2.4 Invocations
 + Level 2.2 Evocations


You had 4 spell levels left.
You knew the following spells:

 Your Spells              Type           Power        Failure   Level  Hunger
a - Pain                  Necr           ####         1%          1    None
d - Vampiric Draining     Necr           ####......   1%          3    ##.....
n - Animate Skeleton      Necr           N/A          1%          1    None
r - Regeneration          Chrm/Necr      ###.......   1%          3    ##.....
v - Borgnjor's Vile Clut  Necr/Erth      ###.......   19%         5    #####..


Dungeon Overview and Level Annotations

Branches:
Dungeon (6/15)
 Temple: D:4-7

Altars:

Annotations:
D:3 Natasha
D:4 exclusion: orc priest


Innate Abilities, Weirdness & Mutations

Your experience applies equally to all skills.
You have very sharp teeth.
Your uncanny sense of smell can sniff out nearby items.


Message History

The dead are walking!
x - 2 chunks of flesh
There is an open door, spattered with blood here.
Autopickup is now off.
You swap places.
You are feeling hungry.
As you read the scroll labeled WOXZUO DONKINT, it crumbles to dust.
You feel blessed for a moment.
It was a scroll of remove curse.
As you read the scroll labeled LUPU JUWNIMAUS, it crumbles to dust.
You feel strangely unstable.
It was a scroll of teleportation.
Your surroundings suddenly seem different.
Found a scimitar. 4 jackals and 2 sky beasts come into view.
Unknown command.
The helpless sky beast fails to defend itself.
You thump the sky beast!
Your weapon exudes an aura of protection.
The jackal barks! x3
You bite the sky beast, but do no damage.
The sky beast is heavily wounded.
You hear an angry hiss.
The jackal closely misses you. The jackal completely misses you.
The sky beast hits you but does no damage.
You miss the sky beast. Your bite misses the sky beast.
The sky beast is heavily wounded.
The jackal misses you. The jackal barely misses you. The sky beast hits you.
The sky beast shocks you. The jackal completely misses you.
The jackal misses you.
An adder comes into view.
You closely miss the sky beast.
The adder hisses angrily.
You bite the sky beast, but do no damage.
The sky beast is heavily wounded.
The jackal closely misses you. The jackal barely misses you. x2
The jackal bites you but does no damage.
The sky beast barely misses you. The jackal closely misses you. x2
The jackal misses you. x2; The sky beast closely misses you.
A crimson imp comes into view.
The crimson imp shouts!
You sock the sky beast!
The sky beast is severely wounded.
The jackal completely misses you. x2; The crimson imp blinks!
The jackal misses you. The jackal closely misses you.
The sky beast flickers out of sight!
The jackal closely misses you.
The sky beast hits you but does no damage.
The jackal barely misses you.
The jackal bites you but does no damage.
You barely miss the sky beast. Your bite misses the sky beast.
The sky beast is severely wounded.
The jackal misses you. The jackal completely misses you.
The jackal closely misses you. x2; The jackal completely misses you.
The sky beast flickers out of sight!
Something hits you but does no damage.
The jackal bites you but does no damage.
You closely miss something. Your bite misses something.
The jackal bites you. x2
The jackal misses you. The jackal barely misses you.
Something barely misses you. The jackal bites you. The jackal misses you.
The jackal barely misses you. The jackal bites you.
Casting: Animate Skeleton
Confirm with . or Enter, or press ? or * to list all spells.
Aiming: Borgnjor's Vile Clutch
Press: ? - help, Dir - move target cursor, f - you You miscast Borgnjor's Vile Clutch.
You are very lightly contaminated with residual magic.
Your bones ache.
The jackal barely misses you. x2; The jackal bites you.
Something hits you. Something shocks you.
* * * LOW HITPOINT WARNING * * *
The jackal misses you. The jackal completely misses you.
The jackal closely misses you. The jackal barely misses you.
Casting: Borgnjor's Vile Clutch
Confirm with . or Enter, or press ? or * to list all spells.
Aiming: Borgnjor's Vile Clutch
Press: ? - help, Dir - move target cursor, f - you Decaying hands burst forth from the earth!
Zombie hands grab the jackal. x4
You are feeling very hungry.
The zombie hands constrict the jackal. x3
You kill the jackal!
The zombie hands constrict the jackal.
You kill the jackal!
The jackal closely misses you. Something hits you but does no damage.
The jackal barely misses you. The adder barely misses you.
The jackal barely misses you.
Unknown command.
You miss something.
The zombie hands constrict the jackal.
You kill the jackal!
The zombie hands constrict the jackal.
You kill the jackal!
Something hits you.
* * * LOW HITPOINT WARNING * * *
Something shocks you.
* * * LOW HITPOINT WARNING * * *
The adder closely misses you. Something hits you.
* * * LOW HITPOINT WARNING * * *
Something shocks you.
* * * LOW HITPOINT WARNING * * *
The crimson imp blinks!
It was a potion of flight.
You feel very buoyant.
You fly up into the air.
The adder bites you.
You die...

## .# .# # .#
#
#.######.##.#
#..........)#
.....5†.....##
#....S@{....#
......†##.##.#
##.§#.# #
#.... .. ...
#.#.... .....
(#..#. ###. ∆
..... #. #
#..#. #.#
#..#.


You could see a crimson imp and an adder.

Vanquished Creatures
  An orc warrior (D:6)
  An ogre (D:4)
  Blork the orc (D:6)
  A water moccasin skeleton (D:5)
  A quasit (D:6)
  An orc wizard (D:6)
  2 worker ants (D:5)
  3 adders
  A dart slug (D:2)
  A leopard gecko (D:2)
  5 orcs
  A ball python (D:3)
  3 giant cockroaches
  A goblin (D:2)
  4 jackals (D:6)
  3 bats
  3 frilled lizards
  2 kobolds (D:3)
  3 rats
38 creatures vanquished.

Vanquished Creatures (collateral kills)
  2 adders
  A worm (D:4)
  A leopard gecko (D:5)
  2 orcs (D:6)
6 creatures vanquished.

Grand Total: 44 creatures vanquished

Notes
Turn   | Place    | Note
-------+----------+-------------------------------------------
     0 | D:1      | tidbits the Gnoll Necromancer began the quest for the Orb.
     0 | D:1      | Reached XP level 1. HP: 13/13 MP: 6/6
    72 | D:2      | Reached XP level 2. HP: 12/19 MP: 2/7
    75 | D:2      | Learned a level 1 spell: Animate Skeleton
   165 | D:2      | You fall through a shaft for 2 floors!
   231 | D:3      | Noticed Natasha
   250 | D:3      | Noticed an ogre
   276 | D:4      | Reached skill level 5 in Spellcasting
   276 | D:4      | Reached XP level 3. HP: 2/25 MP: 0/9
   301 | D:4      | Learned a level 3 spell: Vampiric Draining
   305 | D:4      | Learned a level 3 spell: Regeneration
   312 | D:4      | Noticed an ogre
   359 | D:4      | Killed an ogre
   359 | D:4      | Reached skill level 1 in Fighting
   359 | D:4      | Reached skill level 1 in Short Blades
   359 | D:4      | Reached skill level 1 in Long Blades
   359 | D:4      | Reached skill level 1 in Axes
   359 | D:4      | Reached skill level 1 in Maces & Flails
   359 | D:4      | Reached skill level 1 in Polearms
   359 | D:4      | Reached skill level 1 in Staves
   359 | D:4      | Reached skill level 1 in Slings
   359 | D:4      | Reached skill level 1 in Bows
   359 | D:4      | Reached skill level 1 in Crossbows
   359 | D:4      | Reached skill level 1 in Throwing
   359 | D:4      | Reached skill level 1 in Armour
   359 | D:4      | Reached skill level 1 in Shields
   359 | D:4      | Reached skill level 1 in Unarmed Combat
   359 | D:4      | Reached skill level 1 in Conjurations
   359 | D:4      | Reached skill level 1 in Hexes
   359 | D:4      | Reached skill level 1 in Charms
   359 | D:4      | Reached skill level 1 in Summonings
   359 | D:4      | Reached skill level 1 in Translocations
   359 | D:4      | Reached skill level 1 in Transmutations
   359 | D:4      | Reached skill level 1 in Fire Magic
   359 | D:4      | Reached skill level 1 in Ice Magic
   359 | D:4      | Reached skill level 1 in Air Magic
   359 | D:4      | Reached skill level 1 in Earth Magic
   359 | D:4      | Reached skill level 1 in Poison Magic
   359 | D:4      | Reached skill level 1 in Invocations
   359 | D:4      | Reached skill level 1 in Evocations
   359 | D:4      | Reached XP level 4. HP: 6/32 MP: 0/11
   381 | D:4      | Reached XP level 5. HP: 10/37 MP: 0/12
   487 | D:5      | Entered Level 5 of the Dungeon
   549 | D:6      | Noticed a phantom
   551 | D:6      | Noticed an ogre
   587 | D:5      | Learned a level 5 spell: Borgnjor's Vile Clutch
   659 | D:5      | Reached XP level 6. HP: 13/44 MP: 3/13
   715 | D:5      | Reached skill level 2 in Invocations
   765 | D:6      | Noticed an orc warrior
   775 | D:6      | Killed an orc warrior
   775 | D:6      | Reached skill level 2 in Fighting
   775 | D:6      | Reached skill level 2 in Short Blades
   775 | D:6      | Reached skill level 2 in Long Blades
   775 | D:6      | Reached skill level 2 in Axes
   775 | D:6      | Reached skill level 2 in Maces & Flails
   775 | D:6      | Reached skill level 2 in Polearms
   775 | D:6      | Reached skill level 2 in Staves
   775 | D:6      | Reached skill level 2 in Slings
   775 | D:6      | Reached skill level 2 in Bows
   775 | D:6      | Reached skill level 2 in Crossbows
   775 | D:6      | Reached skill level 2 in Throwing
   775 | D:6      | Reached skill level 2 in Armour
   775 | D:6      | Reached skill level 5 in Dodging
   775 | D:6      | Reached skill level 2 in Shields
   775 | D:6      | Reached skill level 2 in Unarmed Combat
   775 | D:6      | Reached skill level 2 in Evocations
   807 | D:6      | Noticed Blork the orc
   815 | D:6      | Killed Blork the orc
   815 | D:6      | Reached XP level 7. HP: 43/50 MP: 12/15
   844 | D:6      | HP: 3/50 [something (5)]
   845 | D:6      | Slain by an adder

Vault maps used:
D:1:      scummos_arrival_simple_crosswalls, hex_tiny
D:2:      lemuel_crystal_altar
D:3:      lemuel_doored_altar, uniq_natasha
D:4:      minmay_temple_entry_junction
D:5:      nicolae_ru_awakened_eye, first_ration, minmay_misc_feat_rugged,
          hangedman_decor_points
D:6:      marbit_many_paths, basic_altar, lemuel_flamethrower_1,
          uniq_blork_the_orc

Skill      XL: |  1  2  3  4  5  6 |
---------------+-------------------+-----
Spellcasting   | 5 |  5.5
Fighting       | 1 2 |  2.2
Short Blades   | 1 2 |  2.2
Long Blades    | 1 2 |  2.2
Axes           | 1 2 |  2.2
Maces & Flails | 1 2 |  2.2
Polearms       | 1 2 |  2.2
Staves         | 1 2 |  2.2
Slings         | 1 2 |  2.2
Bows           | 1 2 |  2.2
Crossbows      | 1 2 |  2.2
Throwing       | 1 2 |  2.2
Armour         | 1 2 |  2.2
Shields        | 1 2 |  2.2
Unarmed Combat | 1 2 |  2.2
Conjurations   | 1 |  1.8
Hexes          | 1 |  1.8
Charms         | 1 |  1.8
Summonings     | 1 |  1.8
Translocations | 1 |  1.8
Transmutations | 1 |  1.8
Fire Magic     | 1 |  1.8
Ice Magic      | 1 |  1.8
Air Magic      | 1 |  1.8
Earth Magic    | 1 |  1.8
Poison Magic   | 1 |  1.8
Invocations    | 1 2 |  2.4
Evocations     | 1 2 |  2.2
Dodging        | 5 |  5.1
Stealth        | |  4.7
Necromancy     | |  7.3

Action                   |  1- 3 |  4- 6 |  7- 9 || total
-------------------------+-------+-------+-------++-------
Melee: Unarmed           |     1 |     2 |       ||     3
       Short sword       |     2 |    19 |       ||    21
       Bite              |       |     5 |     2 ||     7
       Flail             |       |    15 |     8 ||    23
Throw: Javelin           |     2 |     4 |       ||     6
 Cast: Pain              |    36 |    19 |       ||    55
       Regeneration      |     1 |     5 |       ||     6
       Animate Skeleton  |       |     3 |     1 ||     4
       Vampiric Draining |       |     3 |       ||     3
       Borgnjor's Vile C |       |     3 |     1 ||     4
  Use: Potion            |       |     3 |     1 ||     4
       Scroll            |       |       |     2 ||     2
 Stab: Sleeping          |     3 |     1 |     1 ||     5
  Eat: Chunk             |       |     1 |       ||     1
Armor: Robe              |     1 |    10 |     8 ||    19
       Skin              |       |     2 |       ||     2
Dodge: Dodged            |     9 |    44 |    44 ||    97

Table legend:
 A = Spawn XP
 B = Non-spawn XP
 C = Spawn XP percentage of total XP
 D = Spawn monster count
 E = Non-spawn monster count
 F = Spawn count percentage of total count
 G = Total turns spent on level
                    A         B        C        D         E        F      G
               +---------+---------+-------+---------+---------+-------+---------
         Total |       0 |     667 |   0.0 |       0 |      44 |   0.0 |   845
               +---------+---------+-------+---------+---------+-------+---------
           D:1 |       0 |       4 |   0.0 |       0 |       3 |   0.0 |    31
           D:2 |       0 |      13 |   0.0 |       0 |       6 |   0.0 |   121
           D:3 |       0 |      10 |   0.0 |       0 |       6 |   0.0 |    70
           D:4 |       0 |     161 |   0.0 |       0 |       9 |   0.0 |   271
           D:5 |       0 |     164 |   0.0 |       0 |       8 |   0.0 |   222
           D:6 |       0 |     315 |   0.0 |       0 |      12 |   0.0 |   130
               +---------+---------+-------+---------+---------+-------+---------

Table legend:
 A = Turns spent in this place as a percentage of turns spent in the entire game.
 B = Non-inter-level travel turns spent in this place as a percentage of non-inter-level travel turns spent in the entire game.
 C = Inter-level travel turns spent in this place as a percentage of turns spent in this place.
 D = Turns resting spent in this place as a percentage of non-inter-level travel turns spent in this place.
 E = Turns spent auto-exploring this place as a percentage of non-inter-level travel turns spent in this place.
 F = Non-inter-level travel turns spent in this place divided by the number of levels of this place that you've seen.
                   A       B       C       D       E      F
               +-------+-------+-------+-------+-------+----------------------
         Total | 100.0 | 100.0 |   0.0 |   0.0 |   0.0 | 140.8
       Dungeon | 100.0 | 100.0 |   0.0 |   0.0 |   0.0 | 140.8
               +-------+-------+-------+-------+-------+----------------------

Table legend:
 A = Kills in this place as a percentage of kills in entire the game.
 B = Kills by you in this place as a percentage of kills by you in the entire game.
 C = Kills by friends in this place as a percentage of kills by friends in the entire game.
 D = Other kills in this place as a percentage of other kills in the entire game.
 E = Experience gained in this place as a percentage of experience gained in the entire game.
 F = Experience gained in this place divided by the number of levels of this place that you have seen.
                   A       B       C       D       E      F
               +-------+-------+-------+-------+-------+----------------------
         Total | 100.0 | 100.0 | 100.0 |   N/A | 100.0 | 111.2
       Dungeon | 100.0 | 100.0 | 100.0 |   N/A | 100.0 | 111.2
               +-------+-------+-------+-------+-------+----------------------

Vault maps used:
D:1:      scummos_arrival_simple_crosswalls, hex_tiny
D:2:      lemuel_crystal_altar
D:3:      lemuel_doored_altar, uniq_natasha
D:4:      minmay_temple_entry_junction
D:5:      nicolae_ru_awakened_eye, first_ration, minmay_misc_feat_rugged,
          hangedman_decor_points
D:6:      marbit_many_paths, basic_altar, lemuel_flamethrower_1,
          uniq_blork_the_orc
